 Dungeon Crawl Stone Soup version 0.30-a0-924-g0ad0bf95bc (webtiles) character file.

Game seed: 5145313772564114853

1132 IdlyInterested the Cudgeller (level 8, -5/60 HPs)
             Began as a Demonspawn Gladiator on Mar 22, 2023.
             Killed by divine providence
             ... invoked by an orc priest
              (11 damage)
             ... on level 7 of the Dungeon.
             The game lasted 00:16:31 (6034 turns).

IdlyInterested the Cudgeller (Demonspawn Gladiator) Turns: 6034, Time: 00:16:32

Health: -5/60      AC: 11    Str: 18    XL:     8   Next: 13%
Magic:  8/8        EV: 10    Int: 15    God:
Gold:   127        SH:  0    Dex: 14    Spells: 7/7 levels left

rFire   . . .      SeeInvis +    a - +1 flail (chaos)
rCold   . . .      Faith    .    (no shield)
rNeg    . . .      Spirit   .    t - +0 chain mail
rPois   .          Reflect  .    c - +0 helmet
rElec   .          Rampage  .    q - +1 cloak
rCorr   .                        (no gloves)
Will    .....                    (no boots) Stlth
                                 (no amulet)
HPRegen 0.30/turn                k - +6 ring of intelligence
MPRegen 0.11/turn                y - ring of see invisible

@: confused
A: repulsion field 1, powered by pain 2, demonic magic 1, demonic touch 2
a: no special abilities


You were on level 7 of the Dungeon.
You visited 1 branch of the dungeon, and saw 7 of its levels.

You collected 262 gold pieces.
You spent 135 gold pieces at shops.

Inventory:

Hand Weapons
 a - a +1 flail of chaos (weapon)
 x - a +1 flail of draining
Missiles
 d - 4 throwing nets
 e - a javelin
 g - 18 poisoned darts (quivered)
 h - 57 stones
Armour
 c - a +0 helmet (worn)
 q - a +1 cloak (worn)
 t - a +0 chain mail (worn)
Jewellery
 k - a +6 ring of intelligence (left hand)
 n - a ring of magical power
 y - a ring of see invisible (right hand)
Wands
 w - a wand of digging (7)
Scrolls
 l - a scroll of silence
 m - 4 scrolls of teleportation
 r - a scroll of enchant weapon
 v - 2 scrolls of magic mapping
Potions
 b - a potion of brilliance
 f - a potion of berserk rage
 i - a potion of invisibility
 j - 2 potions of heal wounds
 o - 2 potions of attraction
 p - 7 potions of curing
 s - a potion of lignification {unknown}
 u - a potion of resistance {unknown}
 z - a potion of haste {unknown}
 A - a potion of flight {unknown}


   Skills:
 - Level 4.0 Fighting
 * Level 7.8 Maces & Flails
 - Level 1.7 Throwing
 - Level 2.0 Armour
 - Level 2.6 Dodging
 - Level 1.0 Stealth
 + Level 2.1 Unarmed Combat
 - Level 1.0 Evocations


You had 7 spell levels left.
You didn't know any spells.
Your spell library contained the following spells:

 Spells                   Type           Power      Damage    Failure   Level
 Necrotise                Necr           0%         1d4       98%         1
 Ensorcelled Hibernation  Hex/Ice        0%         N/A       99%         2
 Spider Form              Tmut/Pois      0%         N/A       100%        3
 Vampiric Draining        Necr           0%         2d6       100%        3
 Vhi's Electric Charge    Tloc/Air       0%         N/A       100%        3
 Anguish                  Hex/Necr       0%         N/A       100%        4
 Agony                    Necr           0%         N/A       100%        5
 Arcjolt                  Conj/Air       0%         1d10      100%        5
 Maxwell's Capacitive Co  Air            0%         ∞         100%        8


Dungeon Overview and Level Annotations

Branches:
Dungeon (7/15)
 Temple: D:4-7

Altars:
Cheibriados
Ru
Uskayaw

Shops:
D:2 [*[=


Innate Abilities, Weirdness & Mutations

You are surrounded by a mild repulsion field. (EV +2)
You sometimes gain power by taking damage.
Spells you cast may paralyse adjacent enemies.
Your touch may inflict irresistible damage on your foes.


Message History

The gnoll hits you with a +0 spear. The gnoll misses you.
You sock the gnoll!
You kill the gnoll!
The gnoll hits you with a +0 halberd. The orc wizard barely misses you.
The orc priest mumbles some strange prayers to Beogh against you.
Beogh smites you!
* * * LOW HITPOINT WARNING * * *
The orc wizard mumbles some strange words.
The orc wizard flickers and vanishes for a moment.
You hear an angry buzzing noise.
You feel much better.
A hornet comes into view.
The gnoll barely misses you.
The orc wizard points at you and mumbles some strange words.
The magic dart hits you but does no damage.
The orc wizard casts a spell at you. The puff of flame hits you.
The gnoll closely misses you.
The orc priest mumbles some strange prayers to Beogh against you.
Beogh smites you!
* * * LOW HITPOINT WARNING * * *
The orc wizard mumbles some strange words.
The orc wizard flickers and vanishes for a moment.
You see here a +0 club.
The orc wizard attacks as you move away!
The orc wizard hits you but does no damage.
The orc wizard gestures at you while chanting.
You are confused.
The orc wizard attacks as you move away!
The orc wizard hits you but does no damage.
The orc wizard gestures at you while chanting.
The orc wizard resists with some effort.
The gnoll hits you from afar with a +0 halberd!
* * * LOW HITPOINT WARNING * * *
The orc wizard barely misses you.
The orc priest casts a cantrip, but nothing happens.
The orc wizard hits you but does no damage.
The orc priest invokes the aid of Beogh against you.
Beogh smites you!
You die...

.. ..#####
.......
#...... ####
.......
##...
#...y###..#
#.og##@#
#..)o.o#
......##oo.#
##.## ##<>#
#.....#
#....##
#......
#.#..##..
..##.. .


You could see an orc priest and 3 orc wizards.

Vanquished Creatures
  An ice beast (D:6)
  A black bear (D:4)
  A phantom (D:5)
  A kobold brigand (D:5)
  A bullfrog (D:6)
  3 scorpions
  2 howler monkeys (D:5)
  3 hounds
  A jelly (D:6)
  A gnoll bouda (D:5)
  2 sleepcaps (D:6)
  2 iguanas
  9 gnolls
  5 adders
  A shadow imp (D:5)
  A white imp (D:5)
  2 worms
  3 dart slugs
  3 orcs
  6 bats
  5 endoplasms
  6 giant cockroaches
  9 goblins
  3 hobgoblins
  2 jackals (D:2)
  11 kobolds
  2 quokkas
  5 ball pythons
  7 frilled lizards
  7 rats
106 creatures vanquished.

Notes
Turn   | Place    | Note
-------+----------+-------------------------------------------
     0 | D:1      | IdlyInterested the Demonspawn Gladiator began the quest for
                  | the Orb.
     0 | D:1      | Reached XP level 1. HP: 16/16 MP: 1/1
    71 | D:1      | Reached skill level 3 in Maces & Flails
    91 | D:1      | Reached skill level 1 in Armour
    91 | D:1      | Gained mutation: Your touch may inflict minor irresistible
                  | damage on your foes. [demonic ancestry]
    91 | D:1      | Reached XP level 2. HP: 15/22 MP: 2/2
   817 | D:2      | Found Sanoevam's Armour Shop.
   919 | D:2      | Gained mutation: You sometimes gain a little power by
                  | taking damage. [demonic ancestry]
   919 | D:2      | Reached XP level 3. HP: 27/27 MP: 3/3
  1111 | D:2      | Found Suj Ush's Armour Shop.
  1321 | D:2      | Found Qemi's Jewellery Shop.
  1624 | D:2      | Found Ketha's Assorted Antiques.
  1633 | D:2      | Bought a scroll labelled UWUNAE QOMAFF for 23 gold pieces
  1633 | D:2      | Bought a puce potion for 20 gold pieces
  1655 | D:2      | Gained mutation: You sometimes gain power by taking damage.
                  | [demonic ancestry]
  1655 | D:2      | Reached XP level 4. HP: 33/33 MP: 4/4
  1735 | D:2      | Bought a scroll of identify for 46 gold pieces
  2473 | D:3      | Reached skill level 4 in Maces & Flails
  2924 | D:2      | Bought a scroll of identify for 46 gold pieces
  3159 | D:4      | Noticed a scorpion
  3167 | D:4      | Killed a scorpion
  3168 | D:4      | Reached skill level 1 in Unarmed Combat
  3168 | D:4      | Reached XP level 5. HP: 31/38 MP: 5/5
  4099 | D:4      | Noticed a black bear
  4104 | D:4      | Killed a black bear
  4105 | D:4      | Reached skill level 5 in Maces & Flails
  4105 | D:4      | Reached skill level 1 in Evocations
  4105 | D:4      | Gained mutation: You are surrounded by a mild repulsion
                  | field. (EV +2) [demonic ancestry]
  4105 | D:4      | Reached XP level 6. HP: 36/44 MP: 6/6
  4417 | D:5      | Entered Level 5 of the Dungeon
  4524 | D:5      | Reached skill level 1 in Stealth
  4564 | D:5      | Reached skill level 6 in Maces & Flails
  4612 | D:5      | Gained mutation: Spells you cast may paralyse adjacent
                  | enemies. [demonic ancestry]
  4612 | D:5      | Reached XP level 7. HP: 51/51 MP: 7/7
  5211 | D:5      | Found a snail-covered altar of Cheibriados.
  5353 | D:5      | Found a hide-covered altar of Uskayaw.
  5446 | D:6      | Reached skill level 7 in Maces & Flails
  5610 | D:6      | Gained mutation: Your touch may inflict irresistible damage
                  | on your foes. [demonic ancestry]
  5610 | D:6      | Reached XP level 8. HP: 38/60 MP: 8/8
  5791 | D:6      | Found a sacrificial altar of Ru.
  6028 | D:7      | Noticed a hornet
  6034 | D:7      | Killed from afar by an orc priest

Illustrated notes

Levels and vault maps discovered:
D:1:      onia_arrival_pyramid, layout_basic
D:2:      layout_loops_corners, serial_shops, shop, nicolae_square_shop,
          nicolae_lakefront_shop, shop, minmay_tetromino_s2
D:3:      layout_basic, amcnicky_mini_rare_corridor_liquid, minmay_mini_jars
D:4:      nicolae_cairo_tiling_very_big, layout_layer_cave,
          kennysheep_generic_room_15
D:5:      layout_loops_corners, kennysheep_slug_shrine, kennysheep_little_box
D:6:      layout_rooms, lemuel_tele_altar
D:7:      layout_rooms, temple_pool_b, nicolae_shop_firing_range

Skill      XL: |  1  2  3  4  5  6  7 |
---------------+----------------------+-----
Maces & Flails | 3 4 5 6 7 |  7.8
Armour         | 1 2 |  2.0
Unarmed Combat | 1 2 |  2.1
Evocations     | 1 |  1.0
Stealth        | 1 |  1.0
Fighting       | 4 |  4.0
Throwing       | |  1.7
Dodging        | |  2.6

Action                     |  1- 3 |  4- 6 |  7- 9 || total
---------------------------+-------+-------+-------++-------
  Melee: Flail             |    94 |    84 |    78 ||   256
         Touch             |    11 |    17 |    18 ||    46
         Punch             |     1 |     1 |     4 ||     6
  Throw: Stone             |       |     1 |       ||     1
         Dart              |       |       |    11 ||    11
    Use: Scroll            |     4 |     8 |     1 ||    13
         Potion            |       |     2 |     2 ||     4
   Stab: Sleeping          |     2 |       |       ||     2
         Paralysed         |       |       |     2 ||     2
 Armour: Leather armour    |    21 |       |       ||    21
         Scale mail        |    17 |    22 |       ||    39
         Chain mail        |       |    34 |    35 ||    69
  Dodge: Dodged            |    59 |    30 |    43 ||   132

Table legend: (Time is in decaauts)
 A = Elapsed time spent in this place.
 B = Non-inter-level travel time spent in this place.
 C = Inter-level travel time spent in this place.
 D = Time resting spent in this place.
 E = Time spent auto-exploring this place.
 F = Levels seen in this place.
 G = Mean time per level.
                   A        B        C        D        E       F      G
               +--------+--------+--------+--------+--------+-----+--------+
         Total |   6085 |   5144 |    941 |    120 |   3902 |   7 |  869.3 |
       Dungeon |   6085 |   5144 |    941 |    120 |   3902 |   7 |  869.3 |
               +--------+--------+--------+--------+--------+-----+--------+

Top non-repeatable levels by time:
     D:4: 1400 daAuts
     D:2: 1147 daAuts
     D:3: 1133 daAuts
     D:5: 1019 daAuts
     D:1: 867 daAuts
     D:6: 487 daAuts
     D:7: 30 daAuts
